 Dungeon Crawl Stone Soup version 0.30-a0-29-g142975f185 (webtiles) character file.

Game seed: 16914311787058244495

1553 kae the Firebug (level 8, 0/94 HPs)
             Began as a Demigod Fire Elementalist on Aug 26, 2022.
             Succumbed to a kobold brigand's curare-tipped dart
             ... on level 7 of the Dungeon.
             The game lasted 00:07:24 (8401 turns).

kae the Firebug (Demigod Fire Elementalist)         Turns: 8401, Time: 00:07:24

Health: 0/94       AC: 24    Str:  9    XL:     8   Next: 32%
Magic:  3/16       EV:  2    Int: 25    God:
Gold:   258        SH:  0    Dex: 14    Spells: 5/14 levels left

rFire   + . .      SeeInvis .    r - staff of fire {!a}
rCold   . . .      Faith    .    (no shield)
rNeg    . . .      Spirit   .    (body armour currently unavailable)
rPois   +          Reflect  .    (helmet currently unavailable)
rElec   .          Harm     .    (cloak currently unavailable)
rCorr   .          Rampage  .    (gloves currently unavailable)
Will    .....      NoTele   +    (boots currently unavailable)
Stlth   ++........               (no amulet)
HPRegen 0.25/turn                L - ring of flight
MPRegen 0.15/turn                (no ring)

@: lethally poisoned (0 -> -14), tree-form, slowed, very slow
A: stationary, stasis, torment immunity, boosted hp, high MP 1, forlorn, divine
attributes
a: no special abilities


You were on level 7 of the Dungeon.
You were a tree.
You visited 1 branch of the dungeon, and saw 7 of its levels.

You collected 388 gold pieces.
You spent 130 gold pieces at shops.


Innate Abilities, Weirdness & Mutations

You are a tree.
Your roots penetrate the ground, keeping you stationary.
You cannot be teleported.
You are immune to unholy pain and torment.
Your maximum health is greatly increased.
Your equipment is partially melded.
You have an increased reservoir of magic. (+10% MP)
You shall have no god before yourself.
Your divine heritage dramatically boosts your attributes as you level up.


   Skills:
 + Level 3.1 Fighting
 + Level 3.0 Armour
 + Level 3.8 Dodging
 - Level 1.7 Stealth
 + Level 3.5 Spellcasting
 * Level 4.9 Conjurations
 * Level 5.7 Fire Magic


You had 5 spell levels left.
You knew the following spells:

 Your Spells              Type           Power      Damage    Failure   Level
a - Foxfire               Conj/Fire      100%       2x1d9     1%          1
b - Scorch                Fire           98%        2d10      1%          2
c - Conjure Flame         Conj/Fire      46%        6-21      3%          3
d - Inner Flame           Hex/Fire       28%        N/A       9%          3

Your spell library contained the following spells:

 Spells                   Type           Power      Damage    Failure   Level
 Shock                    Conj/Air       64%        1d7       3%          1
 Flame Wave               Conj/Fire      46%        2d12      11%         4
 Gell's Gravitas          Tloc           4%         N/A       28%         3
 Lesser Beckoning         Tloc           4%         N/A       28%         3
 Swiftness                Air            4%         N/A       28%         3
 Teleport Other           Tloc           4%         N/A       28%         3
 Airstrike                Air            2%         2d(1-17)  67%         4
 Passage of Golubria      Tloc           4%         N/A       67%         4
 Silence                  Hex/Air        2%         N/A       95%         5
 Lehudib's Crystal Spear  Conj/Erth      8%         10d3      100%        8

Inventory:

Missiles
 g - 8 poisoned darts
 h - 9 javelins
 i - 37 stones
 q - 2 boomerangs
Armour
 a - a +0 robe
 d - the +4 leather armour of Gipaetar (melded) {rF+ Dex+5}
   (You found it on level 2 of the Dungeon)

   Dex:       It affects your dexterity (+5).
   rF:        It protects you from fire.
 n - a +0 pair of boots (melded)
   (You found it on level 3 of the Dungeon)
Magical Staves
 r - a staff of fire (weapon) {!a}
   (You found it on level 4 of the Dungeon)
Jewellery
 C - a ring of ice
   (You found it on level 1 of the Dungeon)
 G - an amulet of guardian spirit
   (You found it on level 5 of the Dungeon)
 L - a ring of flight (left branch)
   (You found it on level 6 of the Dungeon)
Wands
 t - a wand of roots (6)
   (You found it on level 6 of the Dungeon)
Scrolls
 b - 3 scrolls of amnesia
 f - a scroll of identify {@r1}
 k - a scroll of fear
 m - 7 scrolls of teleportation {@r4}
 u - a scroll of vulnerability {!r!r}
Potions
 c - 4 potions of attraction {!q}
 e - a potion of might
 j - 4 potions of haste {@q3}
 o - a potion of resistance
 p - 2 potions of degeneration {!q}
 s - a potion of flight

Dungeon Overview and Level Annotations

Branches:
Dungeon (7/15) Zot: 26655  Temple (0/1) D:7

Shops:
D:1 [   D:2 ?

Annotations:
D:2 Terence
D:3 Ijyb
D:4 2 transporters, Flugkiller's ghost, novice MiFi
D:6 Maggie; Pikel

...)....#...#
.<.###..##..# ...#
##..#..### ..##
##..#.g.# .##
##.#.#.## .#
#.#.#..### )#
##.#....).####### )#
##888##....ยง>....#
.#
##8...8#...โ™ฃ......#
##
#...>.8#...K......#
#.8...8#.)...)....#
#.#888##..........#
#.##...#..........# #
#....###..........#
## #####.#
############ [##
#.....# ..###.#######


You could see a kobold brigand (combustible) and a goblin.


Message History

Confirm with . or Enter, or press ? or * to list all spells.
You feel a surge of power!
You conjure some foxfire!
The foxfire hits the goblin!
You kill the goblin! ๐Ÿ˜• HP[+1] MP[-1]
You lost 1 mp, and now have 6/16 mp.
Casting: Foxfire (safe; 1% risk of failure)
Confirm with . or Enter, or press ? or * to list all spells.
You feel a surge of power!
You conjure some foxfire!
A goblin comes into view. It is wielding a +0 spear.
A kobold comes into view. It is wielding a +0 short sword.
Found a stone staircase leading down. ๐Ÿ˜• HP[+1]
A kobold brigand comes into view.
It is wielding a +0 falchion and quivering curare-tipped darts.
The kobold brigand shouts!
The kobold brigand throws a curare-tipped dart.
The curare-tipped dart misses you.
A kobold comes into view. It is wielding a +0 whip.
The kobold brigand throws a curare-tipped dart.
The curare-tipped dart closely misses you.
Casting: Foxfire (safe; 1% risk of failure)
Confirm with . or Enter, or press ? or * to list all spells.
You feel a surge of power!
You conjure some foxfire!
The foxfire hits the kobold!
You kill the kobold!
The foxfire hits the kobold!
You kill the kobold!
The kobold brigand throws a curare-tipped dart.
The curare-tipped dart barely misses you.
Casting: Foxfire (safe; 1% risk of failure)
Confirm with . or Enter, or press ? or * to list all spells.
You feel a surge of power!
You conjure some foxfire!
The kobold brigand throws a curare-tipped dart.
The curare-tipped dart barely misses you.
The curare-tipped dart barely misses your foxfire.
The kobold brigand throws a curare-tipped dart.
The curare-tipped dart hits you.
You are poisoned.
You have difficulty breathing.
You feel yourself slow down.
The foxfire hits the kobold brigand. ๐Ÿ˜ฎ HP[-8] MP[-1]
You take 8 damage, and now have 44/63 hp.
You lost 1 mp, and now have 5/16 mp.
You feel very sick.
The foxfire hits the kobold brigand.
The kobold brigand throws a curare-tipped dart.
The curare-tipped dart hits you.
You are more poisoned.
You have difficulty breathing.
You feel as though you will be slow longer. ๐Ÿ˜ฎ HP[-6]
You take 6 damage, and now have 38/63 hp.
You feel very sick.
The kobold brigand throws a curare-tipped dart.
The curare-tipped dart hits you.
You are more poisoned.
You have difficulty breathing.
* * * LOW HITPOINT WARNING * * *
You feel as though you will be slow longer. ๐Ÿ˜จ HP[-16]
You take 16 damage, and now have 22/63 hp.
MASSIVE DAMAGE!! (PAUSE) Really quaff
l - a potion of lignification {!q}?
Really quaff the potion of lignification?
You turn into a tree.
Your +0 pair of boots melds into your body.
The +4 leather armour of Gipaetar {rF+ Dex+5} melds into your body.
Your roots penetrate the ground.
* * * LOW HITPOINT WARNING * * *
You feel extremely sick.
The kobold brigand throws a curare-tipped dart.
The curare-tipped dart hits you.
The kobold brigand throws a curare-tipped dart.
The curare-tipped dart hits you.
You are lethally poisoned!
You have difficulty breathing.
* * * LOW HITPOINT WARNING * * *
You feel as though you will be slow longer. ๐Ÿ˜ฑ HP[-2] MP[+1]
You now have 94 max hp (+31).
Casting: Foxfire (safe; 1% risk of failure)
Confirm with . or Enter, or press ? or * to list all spells.
You feel a surge of power!
You conjure some foxfire!
* * * LOW HITPOINT WARNING * * *
You feel extremely sick.
The foxfire hits the kobold brigand but does no damage.
* * * LOW HITPOINT WARNING * * *
You feel extremely sick.
The foxfire hits the kobold brigand.
The kobold brigand hits you but does no damage. ๐Ÿ˜ฑ HP[-15] MP[-1]
You take 15 damage, and now have 5/94 hp.
You lost 1 mp, and now have 5/16 mp.
Casting: Foxfire (safe; 1% risk of failure)
Confirm with . or Enter, or press ? or * to list all spells.
You feel a surge of power!
Flames lash the kobold brigand.
The kobold brigand's fire resistance burns away.
The goblin shouts!
You die...

Skill      XL: |  1  2  3  4  5  6  7  8 |
---------------+-------------------------+-----
Conjurations   | 1 2 3 4 |  4.9
Dodging        | 2 3 |  3.8
Fire Magic     | 3 4 5 |  5.7
Spellcasting   | 2 3 |  3.5
Fighting       | 1 2 3 |  3.1
Armour         | 1 2 3 |  3.0
Stealth        | |  1.7

Action                   |  1- 3 |  4- 6 |  7- 9 || total
-------------------------+-------+-------+-------++-------
Melee: Staff             |       |     3 |       ||     3
       Unarmed           |       |     2 |       ||     2
 Cast: Foxfire           |    61 |    45 |    98 ||   204
       Scorch            |    13 |    21 |    38 ||    72
       Conjure Flame     |       |     2 |     1 ||     3
       Inner Flame       |       |       |     2 ||     2
Evoke: Wand              |       |       |     1 ||     1
  Use: Scroll            |     7 |     1 |    10 ||    18
       Potion            |     1 |     1 |     1 ||     3
Armor: Robe              |     2 |       |       ||     2
       Leather armour    |     1 |    35 |    34 ||    70
       Skin              |       |       |     1 ||     1
Dodge: Dodged            |    26 |    39 |    66 ||   131

Levels and vault maps discovered:
D:1:      lightli_arrival_lavapool, layout_loops_cross, serial_shops, shop
D:2:      layout_loops_ring, serial_shops, nicolae_shop_behind_doors,
          minmay_misc_feat_encased, uniq_jessica
D:3:      layout_basic, uniq_sigmund, uniq_terence, uniq_ijyb
D:4:      layout_basic, gammafunk_ghost_abyssal_escape
D:5:      layout_layer_cave, st_stairs_12, serial_bayou_pond_a,
          kb_lookout_dungeons_type, dk_noncrumbling_4
D:6:      layout_basic, amcnicky_altar_gilded, overflow_temple_1_default,
          hangedman_glass_teeth, uniq_maggie, uniq_pikel,
          uniq_crazy_yiuf_cottage
D:7:      layout_rooms, minmay_temple_entry_statues, enter_bailey_5

Notes
Turn   | Place    | Note
-------+----------+-------------------------------------------
     0 | D:1      | kae the Demigod Fire Elementalist began the quest for the
                  | Orb.
     0 | D:1      | Reached XP level 1. HP: 14/14 MP: 5/5
     0 | D:1      | magus.rc [v1.11.3]
    42 | D:1      | Reached skill level 1 in Conjurations
   525 | D:1      | Reached XP level 2. HP: 20/20 MP: 4/7
   576 | D:1      | Learned a level 2 spell: Scorch
   642 | D:1      | Reached skill level 2 in Dodging
   823 | D:1      | Found Woiseis's Armour Shop.
   897 | D:1      | Reached skill level 3 in Fire Magic
  1164 | D:2      | Identified the +4 leather armour of Gipaetar {rF+ Dex+5}
  1272 | D:2      | Noticed Jessica
  1280 | D:2      | Killed Jessica
  1281 | D:2      | Reached skill level 2 in Spellcasting
  1281 | D:2      | Reached XP level 3. HP: 27/27 MP: 3/8
  1347 | D:2      | You pick up a book of Air and begin reading...
  1347 | D:2      | You add the spells Shock, Swiftness and Airstrike to your
                  | library.
  1849 | D:2      | Found Dublifa's Magic Scroll Emporium.
  1852 | D:2      | Bought a scroll of identify for 26 gold pieces
  1852 | D:2      | Bought a scroll of identify for 26 gold pieces
  1852 | D:2      | Bought a scroll of teleportation for 39 gold pieces
  1852 | D:2      | Bought a scroll of teleportation for 39 gold pieces
  2033 | D:2      | Reached skill level 2 in Conjurations
  2177 | D:3      | Noticed Sigmund
  2188 | D:3      | Killed Sigmund
  2189 | D:3      | Reached skill level 1 in Fighting
  2189 | D:3      | Reached skill level 1 in Armour
  2189 | D:3      | Reached XP level 4. HP: 32/35 MP: 6/10
  2189 | D:3      | Reached XP level 5. HP: 37/40 MP: 6/11
  2230 | D:3      | Noticed Terence
  2310 | D:3      | Learned a level 3 spell: Conjure Flame
  2335 | D:3      | Noticed Ijyb
  3458 | D:4      | You pick up a book of Displacement and begin reading...
  3458 | D:4      | You add the spells Lesser Beckoning, Gell's Gravitas and
                  | Teleport Other to your library.
  3490 | D:4      | Found a transporter.
  3555 | D:4      | Found a transporter.
  3930 | D:4      | Noticed Flugkiller's ghost (novice MiFi)
  3972 | D:3      | Learned a level 3 spell: Inner Flame
  4442 | D:5      | Entered Level 5 of the Dungeon
  4442 | D:5      | Noticed a centaur
  4509 | D:4      | Killed a centaur
  4510 | D:4      | Reached skill level 3 in Conjurations
  4510 | D:4      | Reached skill level 4 in Fire Magic
  4510 | D:4      | Reached XP level 6. HP: 38/48 MP: 3/12
  4777 | D:4      | magus.rc [v1.11.3]
  4830 | D:4      | HP: 10/48 [orc priest/+0 falchion (4)]
  4840 | D:4      | HP: 11/48 [orc priest/nerve-wracking pain (12)]
  5090 | D:5      | Reached skill level 2 in Fighting
  5090 | D:5      | Reached skill level 3 in Dodging
  5112 | D:5      | Reached skill level 2 in Armour
  5112 | D:5      | Reached XP level 7. HP: 51/55 MP: 6/14
  5291 | D:5      | Reached skill level 3 in Spellcasting
  5471 | D:5      | magus.rc [v1.11.3]
  5568 | D:5      | Reached skill level 4 in Conjurations
  5644 | D:5      | Reached skill level 5 in Fire Magic
  5709 | D:5      | magus.rc [v1.11.3]
  6737 | D:6      | You pick up a book of the Moon and begin reading...
  6737 | D:6      | You add the spells Passage of Golubria, Silence and
                  | Lehudib's Crystal Spear to your library.
  7038 | D:6      | Noticed Pikel
  7475 | D:6      | Noticed Maggie
  7477 | D:6      | magus.rc [v1.11.3]
  7700 | D:6      | Reached XP level 8. HP: 62/62 MP: 7/16
  8259 | D:7      | Found a staircase to the Ecumenical Temple.
  8368 | D:7      | Reached skill level 3 in Fighting
  8376 | D:7      | Reached skill level 3 in Armour
  8398 | D:7      | HP: 20/94 [asphyx]
  8400 | D:7      | HP: 5/94 [poisoned by a kobold brigand (curare-tipped
                  | dart)]
  8401 | D:7      | Succumbed to a kobold brigand's curare-tipped dart

Vanquished Creatures
  Sigmund (D:3)
  A steam dragon (D:7)
  A water moccasin (D:5)
  An ice beast (D:5)
  3 centaurs
  4 lemures
  A gnoll sergeant (D:7)
  A scorpion (D:5)
  A necrophage (D:5)
  2 hounds (D:5)
  An orc priest (D:4)
  Jessica (D:2)
  4 iguanas
  9 orc wizards
  3 adders
  6 gnolls
  A shadow imp (D:7)
  An ufetubus (D:5)
  2 dart slugs
  19 orcs
  8 ball pythons
  8 endoplasms
  2 giant cockroaches
  9 goblins
  5 hobgoblins
  5 kobolds
  4 quokkas
  2 bats
  A frilled lizard (D:2)
  4 rats
111 creatures vanquished.

Vanquished Creatures (others)
  A gnoll (D:7)
  347 foxfires
348 creatures vanquished.

Grand Total: 459 creatures vanquished

Table legend:
 A = Non-vault XP
 B = Vault XP
 C = Vault XP percentage of total XP
 D = Non-vault monster count
 E = Vault monster count
 F = Vault count percentage of total count
                 A         B        C        D         E       F
            +---------+---------+-------+---------+---------+-------
      Total |    1706 |     513 |  23.1 |     101 |       7 |   6.5
            +---------+---------+-------+---------+---------+-------
        D:1 |      30 |       0 |   0.0 |      16 |       0 |   0.0
        D:2 |      34 |      37 |  52.1 |      14 |       1 |   6.7
        D:3 |      21 |     239 |  91.9 |      11 |       1 |   8.3
        D:4 |     339 |       0 |   0.0 |      15 |       0 |   0.0
        D:5 |     618 |     233 |  27.4 |      16 |       3 |  15.8
        D:6 |     174 |       0 |   0.0 |      15 |       0 |   0.0
        D:7 |     490 |       4 |   0.8 |      14 |       2 |  12.5
            +---------+---------+-------+---------+---------+-------

Illustrated notes

Table legend:
 A = Kills in this place as a percentage of kills in entire the game.
 B = Kills by you in this place as a percentage of kills by you in the entire game.
 C = Kills by friends in this place as a percentage of kills by friends in the entire game.
 D = Other kills in this place as a percentage of other kills in the entire game.
 E = Experience gained in this place as a percentage of experience gained in the entire game.
 F = Experience gained in this place divided by the number of levels of this place that you have seen.
                   A       B       C       D       E      F
               +-------+-------+-------+-------+-------+----------------------
         Total | 100.0 | 100.0 |   N/A | 100.0 | 100.0 | 317.0
       Dungeon | 100.0 | 100.0 |   N/A | 100.0 | 100.0 | 317.0
               +-------+-------+-------+-------+-------+----------------------

Table legend: (Time is in decaauts)
 A = Elapsed time spent in this place.
 B = Non-inter-level travel time spent in this place.
 C = Inter-level travel time spent in this place.
 D = Time resting spent in this place.
 E = Time spent auto-exploring this place.
 F = Levels seen in this place.
 G = Mean time per level.
                   A        B        C        D        E       F      G
               +--------+--------+--------+--------+--------+-----+--------+
         Total |   8415 |   8047 |    368 |    668 |   6269 |   7 | 1202.1 |
       Dungeon |   8415 |   8047 |    368 |    668 |   6269 |   7 | 1202.1 |
               +--------+--------+--------+--------+--------+-----+--------+

Top non-repeatable levels by time:
     D:5: 1746 daAuts
     D:4: 1503 daAuts
     D:3: 1397 daAuts
     D:6: 1217 daAuts
     D:2: 1161 daAuts
     D:1: 1044 daAuts
     D:7: 344 daAuts
